 Dungeon Crawl Stone Soup version 0.30-b1-2-g02819fbbbe (webtiles) character file.

Game seed: 6331533039743226219

10899 MajorAdolf the Unseen (level 11, -6/92 HPs)
             Began as a Naga Wanderer on Aug 11, 2023.
             Was a Believer of Dithmenos.
             Mangled by a freezing wraith (11 damage)
             ... on level 10 of the Dungeon.
             The game lasted 00:29:15 (12503 turns).

MajorAdolf the Unseen (Naga Wanderer)              Turns: 12503, Time: 00:29:16

Health: -6/92      AC: 11    Str: 16    XL:     11   Next: 69%
Magic:  7/24       EV:  9    Int: 15    God:    Dithmenos [**....]
Gold:   343        SH:  0    Dex: 11    Spells: 9/29 levels left

rFire   . . .        c - +7 broad axe (flame)
rCold   . . .        (no shield)
rNeg    . . .        a - +0 troll leather armour
rPois   +            (no helmet)
rElec   .            D - +0 cloak
rCorr   .            L - +0 pair of gloves
SInv    +            (no barding)
Will    +....        N - amulet of magic regeneration
Stlth   +++++++      f - +4 ring of protection
HPRegen 1.15/turn    d - ring of wizardry
MPRegen 0.59/turn

%: wizardry (x1)
@: slowed, wreathed by umbra, very slow
A: AC +3, large, see invisible, deformed body, poison resistance, slowness 2,
spit poison 1, naga tail 1
a: Spit Poison, Renounce Religion, Shadow Step


You were on level 10 of the Dungeon.
You worshipped Dithmenos.
Dithmenos was pleased with you.
You visited 2 branches of the dungeon, and saw 11 of its levels.
You also visited: Sewer and Bailey.

You collected 577 gold pieces.
You spent 234 gold pieces at shops.

Inventory:

Hand Weapons
 c - a +7 broad axe of flaming (weapon)
 u - a +2 dagger of venom
 C - a +0 dagger of holy wrath
 O - a +0 whip of electrocution
Armour
 a - a +0 troll leather armour (worn)
 D - a +0 cloak (worn)
 G - +0 steam dragon scales
 I - +0 acid dragon scales
 K - a +0 leather armour of cold resistance
 L - a +0 pair of gloves (worn)
Magical Staves
 T - a staff of poison
Jewellery
 d - a ring of wizardry (right hand)
 f - a +4 ring of protection (left hand)
 y - an amulet of the acrobat
 H - a ring of protection from fire
 J - a ring of wizardry
 N - an amulet of magic regeneration (around neck)
 P - a ring of protection from fire
Wands
 n - a wand of paralysis (11)
 p - a wand of iceblast (5)
 F - a wand of flame (36)
 Q - a wand of quicksilver (10)
Scrolls
 e - 3 scrolls of vulnerability
 g - 12 scrolls of teleportation
 h - a scroll of butterflies
 i - 6 scrolls of fog
 o - 2 scrolls of noise
 s - a scroll of magic mapping
 w - a scroll of poison
 x - 4 scrolls of amnesia
 z - a scroll of identify
 A - a scroll of blinking
 B - 3 scrolls of fear
 R - a scroll of acquirement
Potions
 b - 5 potions of heal wounds
 j - 2 potions of lignification {unknown}
 k - 3 potions of cancellation {unknown}
 l - 4 potions of flight
 m - a potion of ambrosia {unknown}
 q - 3 potions of mutation {unknown}
 r - 2 potions of magic {unknown}
 t - 2 potions of invisibility {unknown}
 v - 4 potions of haste
 E - 2 potions of curing {unknown}
 M - a potion of brilliance {unknown}
 S - a potion of might {unknown}


   Skills:
 - Level 4.0 Fighting
 + Level 3.1 Axes
 - Level 2.0 Staves
 + Level 15.6 Stealth
 + Level 9.9 Spellcasting
 - Level 2.0 Hexes
 - Level 10.0 Earth Magic
 - Level 1.0 Evocations


You had 9 spell levels left.
You knew the following spells:

 Your Spells              Type           Power      Damage    Failure   Level
a - Stone Arrow           Conj/Erth      44%        3d9       1%          3
b - Passwall              Tmut/Erth      18%        N/A       1%          2
c - Petrify               Tmut/Erth      22%        N/A       6%          4
d - Statue Form           Tmut/Erth      14%        N/A       65%         6
e - Lee's Rapid Deconstr  Erth           18%        3d11*     2%          5

Your spell library contained the following spells:

 Spells                   Type           Power      Damage    Failure   Level
 Sandblast                Erth           74%        2d16      1%          1
 Slow                     Hex            52%        N/A       2%          1
 Leda's Liquefaction      Hex/Erth       12%        N/A       4%          4
 Confusing Touch          Hex            13%        N/A       6%          3
 Tukima's Dance           Hex            13%        N/A       6%          3
 Blink                    Tloc           14%        N/A       8%          2
 Lesser Beckoning         Tloc           14%        N/A       8%          2
 Momentum Strike          Conj/Tloc      14%        3d8       8%          2
 Inner Flame              Hex/Fire       10%        N/A       10%         3
 Summon Guardian Golem    Hex/Summ       10%        N/A       10%         3
 Metabolic Englaciation   Hex/Ice        5%         N/A       63%         5
 Summon Mana Viper        Hex/Summ       10%        N/A       63%         5
 Fireball                 Conj/Fire      3%         3d4       77%         5
 Iskenderun's Battlesphe  Conj           7%         2d6       77%         5
 Conjure Ball Lightning   Conj/Air       3%         3x3d6     99%         6
 Orb of Destruction       Conj           3%         9d5       100%        7
 Shatter                  Erth           18%        3d17*     100%        9


Dungeon Overview and Level Annotations

Branches:
Dungeon (10/15)            Temple (1/1) D:7            Lair (0/5) D:8
  Sewer (visited)          Bailey (visited)
    Orc: D:9-12

Altars:
Ashenzari
Cheibriados
Dithmenos
Elyvilon
Fedhas
Gozag
Hepliaklqana
Kikubaaqudgha
Makhleb
Nemelex Xobeh
Okawaru
Qazlal
Ru
Sif Muna
Trog
Uskayaw
Vehumet
Wu Jian
Xom
Yredelemnul
Zin
The Shining One

Shops:
D:1 :   D:4 !   D:5 (   D:7 =   D:9 (*:[

Annotations:
D:4 exclusion: steam dragon
D:7 exclusion: cyclops


Innate Abilities, Weirdness & Mutations

Your serpentine skin is tough. (AC +3)
You have supernaturally acute eyesight. (SInv)
Armour fits poorly on your strangely shaped body.
Your system is resistant to poisons. (rPois)
You cover ground very slowly.
You can spit poison.
You have a snake-like lower body.


Message History

The stone arrow hits the freezing wraith!
The freezing wraith is lightly damaged.
The stone arrow hits the freezing wraith but does no damage.
The freezing wraith is lightly damaged.
The stone arrow misses the freezing wraith.
The stone arrow hits the freezing wraith!
The freezing wraith is heavily damaged.
The freezing wraith hits you! The freezing wraith freezes you!!
The freezing wraith misses you.
The stone arrow hits the freezing wraith!
The freezing wraith is severely damaged.
The freezing wraith hits you. The freezing wraith freezes you!
The freezing wraith hits you. The freezing wraith drains your vigour!
You feel yourself slow down.
You are too injured to fight recklessly!
You are too injured to fight recklessly!
Casting: Stone Arrow (safe; 1% risk of failure)
Confirm with . or Enter, or press ? or * to list all spells.
Aiming: Stone Arrow (safe; 1% risk of failure)
Press: ? - help, Shift-Dir - straight line, f/p - freezing wraith
Aim: a freezing wraith (severely damaged, umbra, 71% to hit)
The stone arrow hits the freezing wraith.
The freezing wraith is severely damaged.
The freezing wraith barely misses you. The freezing wraith hits you!
The freezing wraith drains your vigour!
You feel as though you will be slow longer.
Casting: Stone Arrow (safe; 1% risk of failure)
Confirm with . or Enter, or press ? or * to list all spells.
Aiming: Stone Arrow (safe; 1% risk of failure)
Press: ? - help, Shift-Dir - straight line, f/p - freezing wraith
Aim: a freezing wraith (severely damaged, umbra, 71% to hit)
The stone arrow hits the freezing wraith!
The freezing wraith is almost destroyed.
The freezing wraith hits you! The freezing wraith freezes you!!
* * * LOW HITPOINT WARNING * * *
The freezing wraith hits you but does no damage.
The freezing wraith hits you.
* * * LOW HITPOINT WARNING * * *
The freezing wraith freezes you!
You die...

#........# .........#........#
.........#........#
.........#....#...#
........#....#...#
.......#........# .
#....#........#
....###....#'#......#
......W@.....+......#
.............#......#
.............#......#
.......!.....#..###.#
################......# ##
#...†.................#
.###+###.###................>#
.........# #.....##..........#
.........# #.....##..........#


You could see a freezing wraith.

Vanquished Creatures
  An orc warlord (Bailey)
  A two-headed ogre (D:9)
  Pikel (D:8)
  An orc knight (Bailey)
  Maurice (D:8)
  A gargoyle (D:10)
  Joseph (D:8)
  2 trolls (D:9)
  A hornet (D:7)
  A wraith (D:8)
  3 wyverns
  10 yaks
  2 basilisks (D:8)
  2 steam dragons
  2 acid dragons
  6 water moccasins
  Duvessa (D:7)
  Pargi (Sewer)
  4 orc warriors
  4 centaurs
  2 ice beasts
  An ogre (D:5)
  A black bear (D:8)
  2 wolves
  A lemure (D:8)
  3 kobold brigands
  2 bullfrogs
  A scorpion (D:5)
  Dowan (D:7)
  12 wights
  5 killer bees
  A bullfrog zombie (D:5)
  A centaur zombie (D:5)
  7 orc priests
  5 hounds
  A jelly (D:8)
  5 iguanas
  6 orc wizards
  A hound zombie (D:5)
  A howler monkey zombie (D:5)
  3 gnolls
  13 adders
  2 shadow imps
  4 white imps
  An ufetubus (D:7)
  An adder zombie (D:5)
  A worm (D:4)
  A dart slug (D:2)
  24 orcs
  14 ball pythons
  3 bats
  5 bat zombies (D:9)
  5 endoplasms
  6 giant cockroaches
  12 goblins
  7 hobgoblins
  30 kobolds
  2 quokkas
  5 frilled lizards
  4 rats
248 creatures vanquished.

Vanquished Creatures (others)
  2 goblins (D:9)
  A fungus (D:8)
  19 plants (D:8)
22 creatures vanquished.

Grand Total: 270 creatures vanquished

Notes
Turn   | Place    | Note
-------+----------+-------------------------------------------
     0 | D:1      | MajorAdolf the Naga Wanderer began the quest for the Orb.
     0 | D:1      | MajorAdolf set off with the following items: a +1
                  | quarterstaff, a potion of heal wounds, a +0 leather armour;
                  | and the following spell memorised: Slow; and the following
                  | spells available to memorise: Tukima's Dance, Inner Flame.
     0 | D:1      | Reached XP level 1. HP: 22/22 MP: 2/2
    83 | D:1      | Reached skill level 1 in Stealth
   124 | D:1      | Found a faded altar of an unknown god.
   228 | D:1      | Found Vobicsal's Book Emporium.
   272 | D:1      | Reached skill level 2 in Stealth
   410 | D:1      | Reached XP level 2. HP: 22/30 MP: 3/3
   503 | D:1      | Reached skill level 3 in Stealth
   986 | D:2      | Reached skill level 4 in Stealth
   986 | D:2      | Reached XP level 3. HP: 33/36 MP: 4/4
  1114 | D:2      | Reached skill level 5 in Stealth
  1147 | D:2      | Reached XP level 4. HP: 36/44 MP: 6/6
  1270 | D:2      | Found a basalt altar of Yredelemnul.
  1837 | D:3      | Found an ornate altar of the Wu Jian Council.
  2176 | D:3      | Reached XP level 5. HP: 50/50 MP: 9/9
  2650 | D:4      | Found Juffaner's Distillery.
  2717 | D:4      | Found a glowing drain.
  2721 | Sewer    | Entered a sewer
  2816 | Sewer    | Noticed Pargi
  2823 | Sewer    | Killed Pargi
  2824 | Sewer    | Reached XP level 6. HP: 56/57 MP: 12/12
  3053 | D:1      | Bought a book of Geomancy for 234 gold pieces
  3057 | D:1      | Learned a level 3 spell: Stone Arrow
  3432 | D:4      | Noticed a steam dragon
  3735 | D:5      | Entered Level 5 of the Dungeon
  3879 | D:5      | Found a basalt altar of Yredelemnul.
  3901 | D:5      | Reached XP level 7. HP: 21/64 MP: 2/13
  4130 | D:5      | Reached skill level 6 in Stealth
  4743 | D:5      | Learned a level 2 spell: Passwall
  4760 | D:5      | Found Itorgh's Antique Weapon Shoppe.
  4815 | D:5      | Reached skill level 7 in Stealth
  4815 | D:5      | Reached skill level 5 in Spellcasting
  4933 | D:5      | Reached XP level 8. HP: 60/72 MP: 15/15
  5204 | D:5      | Reached skill level 8 in Stealth
  5332 | D:5      | Found a hazy altar of Hepliaklqana.
  5541 | D:6      | Reached skill level 5 in Earth Magic
  5549 | D:6      | Learned a level 4 spell: Petrify
  5556 | D:6      | Learned a level 6 spell: Statue Form
  5582 | D:6      | Found a stormy altar of Qazlal.
  6008 | D:6      | Reached skill level 9 in Stealth
  6325 | D:7      | Reached XP level 9. HP: 78/78 MP: 18/18
  6338 | D:7      | Noticed a cyclops
  6421 | D:7      | Found a staircase to the Ecumenical Temple.
  6456 | D:7      | Reached skill level 10 in Stealth
  7073 | D:7      | Noticed Duvessa
  7073 | D:7      | Noticed Dowan
  7079 | D:7      | Killed Duvessa
  7196 | D:7      | Killed Dowan
  7271 | D:7      | Found Axa Puw's Jewellery Shoppe.
  7271 | D:7      | Noticed a hornet
  7274 | D:7      | Paralysed by a hornet for 2 turns
  7277 | D:7      | Killed a hornet
  7278 | D:7      | Reached skill level 11 in Stealth
  7897 | Temple   | Entered the Ecumenical Temple
  8058 | Temple   | Became a worshipper of Dithmenos the Shadowed
  8258 | D:8      | Reached XP level 10. HP: 85/85 MP: 12/21
  8319 | D:7      | Reached skill level 12 in Stealth
  8776 | D:8      | Found a staircase to the Lair.
  8872 | D:8      | Found a shimmering altar of Xom.
  9049 | D:8      | Noticed Pikel
  9068 | D:8      | Killed Pikel
  9069 | D:8      | Reached skill level 13 in Stealth
  9423 | D:8      | Reached * piety under Dithmenos
  9596 | D:8      | Noticed Joseph
  9602 | D:8      | Killed Joseph
 10008 | D:8      | Noticed Maurice
 10017 | D:8      | Killed Maurice
 10127 | D:9      | Found Juffaner's Assorted Antiques.
 10130 | D:9      | Identified a scroll of acquirement
 10132 | D:9      | Acquired the Catalogue of Plutonic Spellbinding
 10140 | D:9      | Learned a level 5 spell: Lee's Rapid Deconstruction
 10203 | D:9      | Found Lawoidah's Book Boutique.
 10280 | D:9      | Found Yloelari's Antique Armour Shoppe.
 10446 | D:9      | Found a flagged portal.
 10459 | D:9      | Reached skill level 14 in Stealth
 10472 | Bailey   | Entered a bailey
 10525 | Bailey   | Noticed an orc warlord
 10679 | Bailey   | Reached XP level 11. HP: 79/92 MP: 16/24
 10740 | Bailey   | Found a runed translucent gate.
 10743 | Bailey   | Found a runed translucent gate.
 10744 | Bailey   | Found a runed translucent gate.
 10762 | Bailey   | Noticed an orc knight
 10777 | Bailey   | Killed an orc knight
 10809 | Bailey   | Killed an orc warlord
 11554 | D:9      | Reached skill level 1 in Axes
 11766 | D:9      | Noticed a two-headed ogre
 11805 | D:9      | Reached skill level 15 in Stealth
 11805 | D:9      | Reached ** piety under Dithmenos
 11843 | D:9      | Killed a two-headed ogre
 11844 | D:9      | Reached skill level 10 in Earth Magic
 11941 | D:9      | Found an ancient bone altar of Kikubaaqudgha.
 11993 | D:9      | Found Mimman's Weapon Shoppe.
 12192 | D:10     | Entered Level 10 of the Dungeon
 12503 | D:10     | Mangled by a freezing wraith

Illustrated notes

Levels and vault maps discovered:
D:1:      matt_arrival_refuge, layout_loops_ring, serial_shops, shop,
          dreamdust_ecumenical_altar_angels_and_demons,
          minmay_stone_trees_medium
D:2:      layout_basic, basic_altar, minmay_snake_closets
D:3:      layout_basic, mainiacjoe_overflow_boulevard, minmay_pentangle
D:4:      layout_gridville, serial_shops, nicolae_shop_stone,
          gup_sewer_entry_spiral
D:5:      minmay_spotlight, layout_basic, nicolae_yredelemnul_corpse_copse,
          worldfamousw_hep_ancestral_shrine, serial_shops,
          nicolae_shop_window_shopping
D:6:      layout_basic, mainiacjoe_overflow_24_doors
D:7:      layout_rooms, temple_doors_e, serial_shops, shop, uniq_duvessa
D:8:      layout_loops_corners, kennysheep_mini_moat, minmay_lair_entry_grove,
          kennysheep_generic_room_6, uniq_pikel, uniq_joseph, uniq_maurice
D:9:      layout_irregular_city, lemuel_zombie_altar_kikubaaqudgha,
          serial_shops, shop, nicolae_stop_n_shop_2,
          nicolae_shop_back_alley_shop, kennysheep_little_box, enter_bailey_7
D:10:     layout_stronghold, orc_0_dummy
Temple:   regret_index_temple_sphere_string

Skill      XL: |  1  2  3  4  5  6  7  8  9 10 11 |
---------------+----------------------------------+-----
Stealth        | 2 4 5 7 9 11 14 15 | 15.6
Spellcasting   | 2 4 5 6 7 9 |  9.9
Earth Magic    | 2 3 4 6 7 9 10 | 10.0
Axes           | 3 |  3.1
Fighting       | |  4.0
Staves         | |  2.0
Hexes          | |  2.0
Evocations     | |  1.0

Action                     |  1- 3 |  4- 6 |  7- 9 | 10-12 || total
---------------------------+-------+-------+-------+-------++-------
  Melee: Quarterstaff      |    56 |    59 |    18 |       ||   133
         Dagger            |       |    44 |   144 |   111 ||   299
         Punch             |       |       |     1 |     1 ||     2
         Broad axe         |       |       |       |    95 ||    95
   Cast: Stone Arrow       |       |    12 |    79 |   104 ||   195
Ability: Spit Poison       |       |    15 |    11 |     8 ||    34
  Evoke: Wand              |       |     3 |       |     4 ||     7
    Use: Scroll            |       |     9 |       |     7 ||    16
         Potion            |       |       |       |     2 ||     2
   Stab: Sleeping          |     6 |    17 |     5 |     3 ||    31
         Distracted        |       |       |     1 |       ||     1
         Paralysed         |       |       |       |     2 ||     2
 Armour: Leather armour    |     7 |     2 |       |       ||     9
         Robe              |       |    33 |    59 |       ||    92
         Steam dragon scal |       |       |    40 |    73 ||   113
         Troll leather arm |       |       |       |    37 ||    37
         Skin              |       |       |       |    16 ||    16
  Dodge: Dodged            |    22 |    50 |   107 |   163 ||   342
